 Dungeon Crawl Stone Soup version 0.20.1-1-g8b1a95d (webtiles) character file.

120 OneorTwo the Poker (level 5, -12/41 HPs)
             Began as a Merfolk Gladiator on Aug 7, 2017.
             Killed by divine providence
             ... invoked by an orc priest
              (14 damage)
             ... on level 4 of the Dungeon.
             The game lasted 00:09:21 (2703 turns).

OneorTwo the Poker (Merfolk Gladiator)              Turns: 2703, Time: 00:09:22

Health: -12/41     AC:  6    Str: 15    XL:     5   Next: 4%
Magic:  0/5        EV: 13    Int:  8    God:
Gold:   167        SH:  0    Dex: 15    Spells: 4/4 levels left

rFire    . . .     SeeInvis .   a - +0 trident
rCold    . . .     Gourm    .   (no shield)
rNeg     . . .     Faith    .   p - -2 scale mail (curse)
rPois    +         Spirit   +   c - +1 helmet
rElec    .         Reflect  .   (no cloak)
rCorr    .         Harm     .   (no gloves)
MR       .....                  (no boots)
Stlth    ..........             j - amulet of guardian spirit
Regen    0.2/turn               n - ring of poison resistance
MPRegen  0.1/turn               (no ring)

@: no status effects
A: change form in water, swift swim, stealthy swim, repulsion field 1,
MP-powered wands
a: no special abilities


You were on level 4 of the Dungeon.
You were not hungry.

You visited 1 branch of the dungeon, and saw 4 of its levels.

You collected 167 gold pieces.

Inventory:

Hand Weapons
 a - a +0 trident (weapon)
Missiles
 d - 3 throwing nets
 g - 256 stones
 v - 6 tomahawks (quivered)
 w - 2 javelins
Armour
 b - a +0 leather armour
 c - a +1 helmet (worn)
 p - a cursed -2 scale mail (worn)
 s - a +0 helmet
Jewellery
 j - an amulet of guardian spirit (around neck)
 n - a ring of poison resistance (left hand)
Scrolls
 e - 3 scrolls of identify
 h - 2 scrolls of enchant armour
 q - 3 scrolls of teleportation
 t - a scroll of blinking
 u - a scroll of enchant weapon {unknown}
 x - a scroll of amnesia {unknown}
 y - a scroll of remove curse {unknown}
Potions
 i - a potion of berserk rage {unknown}
 l - a potion of agility {unknown}
 m - a potion of might {unknown}
 o - 2 potions of lignification {unknown}
 r - a potion of haste {unknown}
Comestibles
 f - 2 bread rations
 k - 3 royal jellies


   Skills:
 + Level 3.4 Fighting
 * Level 6.7 Polearms
 + Level 2.0 Throwing
 * Level 4.6 Dodging


You had 4 spell levels left.
You didn't know any spells.

Dungeon Overview and Level Annotations

Branches:
Dungeon (4/15)
 Temple: D:4-7

Altars:

Shops:
D:4 :%


Innate Abilities, Weirdness & Mutations

You revert to your normal form in water.
You are very nimble and swift while swimming.
You are very stealthy in the water. (Stealth+)
You are surrounded by a mild repulsion field. (EV +2)
You expend magic power (3 MP) to strengthen your wands.


Message History

You hit the orc wizard.
The orc wizard is moderately wounded.
The orc wizard hits you but does no damage.
The orc barely misses you.
The orc wizard hits you but does no damage.
You completely miss the orc wizard.
The orc wizard is moderately wounded.
The orc wizard hits you but does no damage.
The orc barely misses you.
The orc priest calls down the wrath of Beogh upon you.
Beogh smites you!
* * * LOW HITPOINT WARNING * * *
You miss the orc wizard.
The orc wizard is moderately wounded.
The orc wizard hits you but does no damage.
The orc hits you with a club.
* * * LOW HITPOINT WARNING * * *
The orc priest mumbles some strange prayers to Beogh against you.
Beogh smites you!
You die...

.......#########.....
####.............####
##............#
#########...##
.######## #....#
#.......## ##....#
#######..######.....#
##........##...#
##o@....######..#
##oo##...#####....#
#†l####...........#
#....##
########..#..# ##...
#.. #... #... $$..
$∩..o


You could see an iguana, an orc priest, an orc wizard and an orc.

Vanquished Creatures
  Robin (D:3)
  A gnoll (D:1)
  An adder (D:2)
  2 oozes (D:2)
  2 worms (D:2)
  A dart slug (D:1)
  5 leopard geckos
  3 orcs
  3 giant cockroaches
  9 goblins
  10 hobgoblins
  2 jackals (D:3)
  A quokka (D:4)
  A ball python (D:2)
  6 bats
  2 frilled lizards
  6 kobolds
  6 rats
62 creatures vanquished.

Notes
Turn   | Place    | Note
-------+----------+-------------------------------------------
     0 | D:1      | OneorTwo the Merfolk Gladiator began the quest for the Orb.
     0 | D:1      | Reached XP level 1. HP: 16/16 MP: 1/1
    72 | D:1      | Reached XP level 2. HP: 23/23 MP: 2/2
    92 | D:1      | Reached skill level 5 in Polearms
   408 | D:1      | Reached XP level 3. HP: 28/28 MP: 3/3
   656 | D:2      | Gained mutation: You expend magic power (3 MP) to strengthen your wands. [potion of mutation]
   656 | D:2      | Gained mutation: You are surrounded by a mild repulsion field. (EV +2) [potion of mutation]
   992 | D:2      | Reached skill level 6 in Polearms
  1112 | D:2      | Reached XP level 4. HP: 34/34 MP: 4/4
  1895 | D:3      | Noticed Robin
  1903 | D:3      | Killed Robin
  2571 | D:4      | Found Oxtil's Food Emporium.
  2649 | D:4      | Reached XP level 5. HP: 41/41 MP: 5/5
  2688 | D:4      | Found Nitwab's Book Boutique.
  2703 | D:4      | HP: 2/41 [orc/club (4)]
  2703 | D:4      | Killed from afar by an orc priest

Skill      XL: |  1  2  3  4 |
---------------+-------------+-----
Polearms       | 5 6 |  6.7
Fighting       | 3 |  3.4
Throwing       | |  2.0
Dodging        | |  4.6

Action                   |  1- 3 |  4- 6 || total
-------------------------+-------+-------++-------
Melee: Trident           |   103 |   125 ||   228
  Use: Scroll            |     4 |     1 ||     5
       Potion            |     1 |       ||     1
 Stab: Sleeping          |     1 |       ||     1
  Eat: Chunk             |     1 |     5 ||     6
Armor: Leather armour    |     9 |       ||     9
       Scale mail        |    15 |    32 ||    47
Dodge: Dodged            |    49 |    57 ||   106
